 Dungeon Crawl Stone Soup version 0.27.0-1-g7a089689b8 (webtiles) character file.

Game seed: 4055899501563258050

156 ZombieSheep the Cudgeller (level 5, -1/33 HPs)
             Began as a Gargoyle Berserker on Aug 8, 2021.
             Was a Believer of Trog.
             Killed from afar by Sigmund (6 damage)
             ... with a puff of flame
             ... on level 3 of the Dungeon.
             The game lasted 00:07:23 (2725 turns).

ZombieSheep the Cudgeller (Gargoyle Berserker)      Turns: 2725, Time: 00:07:23

Health: -1/33      AC: 16    Str: 20      XL:     5   Next: 38%
Magic:  5/5        EV:  8    Int:  8      God:    Trog [**....]
Gold:   88         SH:  0    Dex:  9 (10) Spells: 4/4 levels left

rFire    + . .     SeeInvis .   a - +0 mace
rCold    + . .     Faith    .   (no shield)
rNeg     + . .     Spirit   .   d - +0 chain mail
rPois    ∞         Reflect  .   f - +2 helmet
rElec    +         Harm     .   (no cloak)
rCorr    +         Rampage  .   (no gloves)
Will     .....                  (no boots)
Stlth    ..........             (no amulet)
HPRegen  0.11/turn              (no ring)
MPRegen  0.09/turn              (no ring)

@: resistant, on berserk cooldown, slowed, very slow
A: sickness immunity, AC +4, negative energy resistance 1, electricity
resistance, torment resistance 1, petrification resistance
a: Renounce Religion, Berserk, Trog's Hand


You were on level 3 of the Dungeon.
You worshipped Trog.
Trog was pleased with you.
You visited 1 branch of the dungeon, and saw 3 of its levels.

You collected 88 gold pieces.

Inventory:

Hand Weapons
 a - a +0 mace (weapon)
Missiles
 g - 77 stones (quivered)
 i - 25 sling bullets
Armour
 b - a +0 animal skin
 d - a +0 chain mail (worn)
 f - a +2 helmet (worn)
Potions
 e - 2 potions of degeneration


   Skills:
 + Level 4.1 Fighting
 * Level 4.3 Maces & Flails
 + Level 3.2 Armour
 + Level 2.4 Dodging


You had 4 spell levels left.
You didn't know any spells.
Your spell library was empty.

Dungeon Overview and Level Annotations

Branches:
Dungeon (3/15)

Altars:

Shops:
D:1 (

Annotations:
D:2 Crazy Yiuf
D:3 Sigmund


Innate Abilities, Weirdness & Mutations

You are immune to sickness and miasma.
Your stone body is resilient. (AC +4)
You are immune to poison.
You resist negative energy. (rN+)
You are resistant to electric shocks. (rElec)
You are resistant to unholy torment.
You are immune to petrification.


Message History

Sigmund hits you with a +0 scythe.
You thump Sigmund!
Sigmund is heavily wounded.
Sigmund gestures at you while chanting.
The magic dart hits you but does no damage.
You barely miss Sigmund.
Sigmund is heavily wounded.
Sigmund gestures at you while chanting. The magic dart hits you.
You closely miss Sigmund.
Sigmund is heavily wounded.
You hit Sigmund but do no damage.
Sigmund is heavily wounded.
Sigmund gestures wildly while chanting.
Sigmund flickers and vanishes!
Deactivating autopickup; reactivate with Ctrl-A.
You hit something.
You are no longer berserk.
You are exhausted.
You feel yourself slow down. Something completely misses you.
You barely miss something.
Something hits you but does no damage. x2
You hit something. Something hits you. x2
You hit something. Something hits you.
You barely miss something. Something hits you.
* * * LOW HITPOINT WARNING * * *
Something hits you.
* * * LOW HITPOINT WARNING * * *
You feel better. Something hits you.
* * * LOW HITPOINT WARNING * * *
Something hits you.
* * * LOW HITPOINT WARNING * * *
It was a potion of resistance.
You feel protected. Something hits you but does no damage.
Unknown command.
Something hits you but does no damage. x2
Something hits you but does no damage.
A puff of flame appears from out of thin air!
The puff of flame hits you. You resist.
You die...

#.##.. #.##.#
#.##.# .. #.##.#
....####.##.###
......{.......#
#######..##.#.#
#..##.#.#
#@.##.#.#
.........##.#.#
#######.###.#.#
#.# #.#.##.#
###.###...##.#
.........##.#
...###...##.#
##.# #...##.#
#####.###...##.#


There were no monsters in sight!

Vanquished Creatures
  An ice beast (D:2)
  Robin (D:2)
  An adder (D:2)
  A dart slug (D:2)
  2 ball pythons
  3 endoplasms
  2 giant cockroaches (D:2)
  7 hobgoblins
  4 bats
  3 frilled lizards
  8 goblins
  3 kobolds
  5 rats
41 creatures vanquished.

Notes
Turn   | Place    | Note
-------+----------+-------------------------------------------
     0 | D:1      | ZombieSheep the Gargoyle Berserker began the quest for the
                  | Orb.
     0 | D:1      | Reached XP level 1. HP: 14/14 MP: 1/1
   267 | D:1      | Reached XP level 2. HP: 19/19 MP: 2/2
   357 | D:1      | Found Funix's Antique Weapon Boutique.
   559 | D:1      | Found a faded altar of an unknown god.
   996 | D:2      | Reached XP level 3. HP: 21/23 MP: 3/3
  1135 | D:2      | Reached ** piety under Trog
  1228 | D:2      | Found a runed translucent door.
  1229 | D:2      | Noticed Crazy Yiuf
  1231 | D:2      | Noticed Robin
  1665 | D:3      | Noticed Sigmund
  1953 | D:2      | Killed Robin
  1958 | D:2      | Reached XP level 4. HP: 29/29 MP: 4/4
  2579 | D:3      | Noticed an ice beast
  2599 | D:2      | Killed an ice beast
  2600 | D:2      | Reached XP level 5. HP: 33/33 MP: 5/5
  2725 | D:3      | Killed from afar by Sigmund

Illustrated notes

Levels and vault maps discovered:
D:1:      shiori_shiawase, layout_rooms, shapermc_ecumenical_altar_ellora,
          serial_shops, shop, chequers_serial_rivers_small_3, nrook_mini_vaults
D:2:      layout_loops_ring, uniq_crazy_yiuf_cottage, uniq_robin
D:3:      layout_loops_ring, grunt_temple_overflow_open,
          overflow_temple_1_default, uniq_sigmund

Skill      XL: |  1  2  3  4 |
---------------+-------------+-----
Dodging        | 2 |  2.4
Fighting       | 4 |  4.1
Maces & Flails | 4 |  4.3
Armour         | 3 |  3.2

Action                   |  1- 3 |  4- 6 || total
-------------------------+-------+-------++-------
Melee: Mace              |   108 |    38 ||   146
Invok: Berserk           |     3 |     2 ||     5
  Use: Scroll            |     3 |       ||     3
       Potion            |       |     5 ||     5
Armor: Animal skin       |     7 |       ||     7
       Chain mail        |    62 |    26 ||    88
Dodge: Dodged            |    65 |    13 ||    78
